Construct Infanterie Kompanie
Selects Italian Coastal Battlegroup
Construct Luftwaffe Kompanie
Selects Artillery Officer
Selects Designated Artillery Overwatch
Designated Artillery Overwatch
Construct Panzergrenadier Kompanie
Nebelwerfer 42 Rocket Launcher Team
Pak 40 Anti-tank Gun Team
Nebelwerfer 42 Rocket Launcher Team
Marder III M Tank Destroyer
Designated Artillery Overwatch
Construct Panzer Kompanie
Selects Obice da 210/22 Artillery Emplacement